 Dungeon Crawl Stone Soup version 0.28.0 (webtiles) character file.

Game seed: 5260517396543690004

8529 pkoi the Carver (level 11, -2/97 HPs)
             Began as a Minotaur Gladiator on Feb 9, 2022.
             Was an Elder of the Shining One.
             Slain by a sun demon (12 damage)
             ... summoned by a kobold demonologist
             ... on level 11 of the Dungeon.
             The game lasted 00:13:46 (13358 turns).

pkoi the Carver (Minotaur Gladiator)               Turns: 13358, Time: 00:13:46

Health: -2/97      AC: 17    Str: 23    XL:     11   Next: 11%
Magic:  12/12      EV:  9    Int:  5    God:    the Shining One [****..]
Gold:   459        SH:  0    Dex: 12    Spells: 10/10 levels left

rFire   . . .      SeeInvis .   a - +5 great sword (venom)
rCold   . . .      Faith    .   (shield currently unavailable)
rNeg    + + +      Spirit   .   m - +0 plate armour {rPois}
rPois   +          Reflect  .   c - +1 hat
rElec   .          Harm     .   y - +1 cloak
rCorr   .          Rampage  .   (no gloves)
Will    .....                   (no boots)
Stlth   ..........              (no amulet)
HPRegen 0.26/turn               g - ring of positive energy
MPRegen 0.13/turn               (no ring)

@: lethally poisoned (-2 -> -6), glowing
A: horns 2, retaliatory headbutt
a: Renounce Religion, Divine Shield, Cleansing Flame


You were on level 11 of the Dungeon.
You worshipped the Shining One.
The Shining One was greatly pleased with you.
You visited 2 branches of the dungeon, and saw 12 of its levels.

You collected 459 gold pieces.

Inventory:

Hand Weapons
 a - a +5 great sword of venom (weapon)
 b - the +12 spear of Dismemberment {venom, rPois}
   (You found it on level 3 of the Dungeon)

   It poisons the flesh of those it strikes.
   rPois:     It protects you from poison.
 B - a +0 long sword
 D - a +0 arbalest
Missiles
 d - 4 throwing nets (quivered)
 j - a curare-tipped dart
 k - 14 poisoned darts
 I - 64 bolts
Armour
 c - a +1 hat (worn)
 h - a +0 chain mail
 m - a +0 plate armour of poison resistance (worn)
 x - an orb of energy
 y - a +1 cloak (worn)
 z - a +2 kite shield
 H - the +6 ring mail "Oplap" {rC++ Dex-4}
   (You found it on level 6 of the Dungeon)

   Dex:       It affects your dexterity (-4).
   rC:        It greatly protects you from cold.
Jewellery
 g - a ring of positive energy (left hand)
 q - an amulet of faith
 s - an amulet of magic regeneration
 t - a ring of see invisible
 v - a +6 ring of intelligence
 A - an amulet of the acrobat
Wands
 C - a wand of digging (6)
 L - a wand of flame (11)
 M - a wand of mindburst (6)
Scrolls
 e - 3 scrolls of identify
 f - a scroll of fog
 l - 2 scrolls of holy word
 n - a scroll of enchant armour
 r - a scroll of amnesia
 w - 2 scrolls of teleportation
 F - 2 scrolls of magic mapping
Potions
 i - 2 potions of lignification
 o - 6 potions of heal wounds
 p - a potion of brilliance
 u - a potion of berserk rage
 E - 3 potions of curing
 G - a potion of flight
 J - a potion of haste
 K - a potion of might


   Skills:
 - Level 9.0 Fighting
 * Level 11.5 Long Blades
 - Level 2.0 Throwing
 + Level 9.9 Armour
 + Level 6.4 Dodging
 + Level 3.2 Invocations
 * Level 6.9 Evocations


You had 10 spell levels left.
You didn't know any spells.
Your spell library contained the following spells:

 Spells                   Type           Power      Damage    Failure   Level
 Foxfire                  Conj/Fire      0%         2x1d4     100%        1
 Conjure Flame            Conj/Fire      0%         6-21      100%        3
 Frozen Ramparts          Ice            0%         1d2       100%        3
 Inner Flame              Hex/Fire       0%         N/A       100%        3
 Flame Wave               Conj/Fire      0%         2d4       100%        4
 Ice Form                 Ice/Tmut       0%         N/A       100%        4
 Summon Ice Beast         Ice/Summ       0%         N/A       100%        4


Dungeon Overview and Level Annotations

Branches:
Dungeon (11/15)            Temple (1/1) D:7
   Lair: D:8-11         Orc: D:9-12

Altars:
Ashenzari
Cheibriados
Dithmenos
Elyvilon
Fedhas
Gozag
Hepliaklqana
Kikubaaqudgha
Makhleb
Nemelex Xobeh
Okawaru
Qazlal
Ru
Sif Muna
Trog
Uskayaw
Wu Jian
Yredelemnul
Zin
The Shining One
Beogh

Annotations:
D:6 2 transporters
D:8 3 runed translucent doors, Fractals's ghost, novice HuCj
D:10 2 runed translucent doors


Innate Abilities, Weirdness & Mutations

You have a pair of horns on your head.
You reflexively headbutt those who attack you in melee.


Message History

The kobold demonologist shouts!
The kobold demonologist begins to cast a cantrip, but forgets the words!
You hit the kobold demonologist but do no damage.
The kobold demonologist is poisoned.
You headbutt the kobold demonologist, but do no damage.
The kobold demonologist gestures wildly while chanting.
You slash the kobold demonologist!
The kobold demonologist is moderately wounded.
The kobold demonologist closely misses you.
Unknown command.
You closely miss the kobold demonologist.
The orc priest shouts!
You headbutt the kobold demonologist, but do no damage.
The kobold demonologist is moderately wounded.
The kobold demonologist hits you but does no damage.
You are poisoned.
The orc priest calls down the wrath of Beogh upon you.
Beogh smites you! The sun demon barely misses you. You furiously retaliate!
You headbutt the sun demon!
The kobold demonologist hits you but does no damage.
You closely miss the kobold demonologist.
You headbutt the kobold demonologist.
The kobold demonologist is heavily wounded.
You feel very sick.
The kobold demonologist gestures wildly while chanting.
The sun demon hits you.
* * * LOW HITPOINT WARNING * * *
You are engulfed in flames!!
* * * LOW HITPOINT WARNING * * *
The kobold demonologist hits you but does no damage.
You slash the kobold demonologist!
The kobold demonologist looks as sick as possible!
The kobold demonologist is almost dead.
You feel sick. The sun demon hits you!!
* * * LOW HITPOINT WARNING * * *
You are engulfed in flames!!
* * * LOW HITPOINT WARNING * * *
The kobold demonologist looks braver for a moment.
The sun demon hits you!
You die...

#.............#'###.
#####...................
............#########...
............# #..#
............# #..#
............# #..#
...#........+ #..#
............# #..#
##...K@.#### #..#
#....3)# #..# #4.K....+
#..# ..#......# .
#.P..... #.....#..
#.....##. .......# ..
....... ..


You could see a sun demon (summoned), 2 kobold demonologists and a chaos spawn
(summoned).

Vanquished Creatures
  Harold (D:10)
  A two-headed ogre (D:10)
  A cyclops (D:6)
  2 trolls (D:9)
  2 wyverns
  A shadow (D:9)
  3 yaks (D:9)
  2 wraiths
  3 steam dragons
  A warg (D:11)
  Edmund (D:6)
  An acid dragon (D:10)
  An ice beast (D:6)
  A sky beast (D:8)
  4 orc warriors
  2 black bears
  3 necrophages (D:7)
  An ogre (D:7)
  A hornet zombie (D:7)
  A centaur (D:7)
  A phantom (D:5)
  2 kobold brigands
  4 bullfrogs
  3 scorpions
  A wyvern zombie (D:7)
  2 gnoll sergeants (D:9)
  A water moccasin zombie (D:7)
  A wyvern skeleton (D:6)
  A water moccasin skeleton (D:5)
  9 killer bees
  8 wights
  5 howler monkeys
  5 hounds
  2 bullfrog zombies
  A centaur skeleton (D:7)
  3 centaur zombies
  A gnoll shaman (D:8)
  5 orc priests
  A bullfrog skeleton (D:6)
  3 jellies
  An iron imp (D:5)
  3 iguanas
  4 orc wizards
  2 killer bee zombies
  A mummy (D:7)
  2 howler monkey zombies
  15 gnolls
  7 adders
  2 howler monkey skeletons
  A white imp (D:6)
  2 dart slugs
  33 orcs
  9 ball pythons
  2 bat zombies (D:10)
  5 endoplasms
  2 giant cockroaches (D:2)
  6 goblins
  6 hobgoblins
  5 jackals (D:1)
  12 kobolds
  2 quokkas
  A bat (D:1)
  8 frilled lizards
  8 rats
231 creatures vanquished.

Vanquished Creatures (others)
  3 demonic plants (D:11)
  4 fungi (D:9)
  19 plants
  3 withered plants (D:7)
29 creatures vanquished.

Grand Total: 260 creatures vanquished

Notes
Turn   | Place    | Note
-------+----------+-------------------------------------------
     0 | D:1      | pkoi the Minotaur Gladiator began the quest for the Orb.
     0 | D:1      | Reached XP level 1. HP: 18/18 MP: 0/0
   179 | D:1      | Found a faded altar of an unknown god.
   204 | D:1      | Reached skill level 4 in Long Blades
   342 | D:1      | Reached XP level 2. HP: 19/25 MP: 1/1
   568 | D:1      | Reached skill level 1 in Armour
  1030 | D:1      | Reached XP level 3. HP: 28/30 MP: 2/2
  1606 | D:2      | Identified the +1 leather armour of Death's Door {rElec
                  | rPois rC- Dex+5}
  2145 | D:1      | Reached XP level 4. HP: 38/38 MP: 3/3
  2469 | D:1      | Reached skill level 5 in Long Blades
  3070 | D:3      | Identified the +12 spear of Dismemberment {venom, rPois}
  3395 | D:3      | Reached XP level 5. HP: 45/46 MP: 4/4
  4129 | D:4      | Reached XP level 6. HP: 53/53 MP: 5/5
  4135 | D:4      | Reached skill level 6 in Long Blades
  4362 | D:4      | Reached skill level 5 in Fighting
  4691 | D:4      | Found a blossoming altar of Fedhas.
  4691 | D:4      | Found a sacrificial altar of Ru.
  4705 | D:4      | Became a worshipper of Ru the Awakened
  4755 | D:4      | Found a glowing golden altar of the Shining One.
  4764 | D:4      | Fell from the grace of Ru
  4764 | D:4      | Became a worshipper of the Shining One
  4820 | D:5      | Entered Level 5 of the Dungeon
  4991 | D:5      | Found a broken altar of Ashenzari.
  5066 | D:5      | Reached skill level 5 in Armour
  5066 | D:5      | Reached XP level 7. HP: 62/62 MP: 6/6
  5365 | D:5      | Found a snail-covered altar of Cheibriados.
  5451 | D:5      | Reached skill level 1 in Evocations
  5494 | D:5      | Found a shimmering blue altar of Sif Muna.
  6390 | D:5      | Reached XP level 8. HP: 68/73 MP: 7/7
  6470 | D:6      | Reached * piety under the Shining One
  6506 | D:6      | Found a transporter.
  6584 | D:6      | Noticed Edmund
  6587 | D:6      | Noticed a cyclops
  6590 | D:6      | Killed Edmund
  6620 | D:6      | Reached skill level 7 in Long Blades
  6846 | D:6      | Killed a cyclops
  7169 | D:6      | Reached XP level 9. HP: 62/81 MP: 8/8
  7280 | D:6      | Identified the +6 ring mail "Oplap" {rC++ Dex-4}
  7598 | D:6      | Found a transporter.
  7701 | D:7      | Reached ** piety under the Shining One
  7717 | D:7      | Found a staircase to the Ecumenical Temple.
  7725 | Temple   | Entered the Ecumenical Temple
  7920 | D:7      | Reached skill level 8 in Long Blades
  8457 | D:7      | Found a glowing silver altar of Zin.
  8552 | D:7      | Reached *** piety under the Shining One
  8582 | D:7      | Reached skill level 9 in Long Blades
  8768 | D:7      | Found a sparkling altar of Nemelex Xobeh.
  9368 | D:8      | Found a runed translucent gate.
  9368 | D:8      | Found a runed translucent gate.
  9369 | D:8      | Found a runed translucent gate.
  9374 | D:8      | Noticed Fractals's ghost (novice HuCj)
  9782 | D:8      | Reached skill level 5 in Evocations
  9791 | D:8      | Reached skill level 5 in Dodging
  9791 | D:8      | Reached XP level 10. HP: 67/91 MP: 9/9
 10009 | D:8      | Found a hide-covered altar of Uskayaw.
 10605 | D:9      | Reached skill level 10 in Long Blades
 10613 | D:9      | Reached skill level 1 in Invocations
 11275 | D:9      | Reached **** piety under the Shining One
 11806 | D:9      | Found an ornate altar of the Wu Jian Council.
 12059 | D:10     | Entered Level 10 of the Dungeon
 12492 | D:10     | Noticed a two-headed ogre
 12499 | D:10     | Killed a two-headed ogre
 12500 | D:10     | Reached skill level 11 in Long Blades
 12809 | D:10     | Found an ancient bone altar of Kikubaaqudgha.
 12822 | D:10     | Noticed Harold
 12831 | D:10     | Killed Harold
 12832 | D:10     | Reached XP level 11. HP: 66/97 MP: 12/12
 13060 | D:10     | Found a large runed translucent door.
 13061 | D:10     | Found a large runed translucent door.
 13355 | D:11     | Noticed a sun demon
 13358 | D:11     | Slain by a sun demon

Illustrated notes

Levels and vault maps discovered:
D:1:      onia_arrival_mini_maze, layout_basic,
          shapermc_ecumenical_altar_mp_ritualfount, st_stairs_1
D:2:      layout_rooms
D:3:      layout_loops_ring, kennysheep_doodads, serial_bayou_lagoon_a,
          lemuel_flame_loot_1
D:4:      layout_loops_ring, grunt_temple_overflow_open,
          nicolae_tso_swordbearing_angel, kennysheep_big_empty_room
D:5:      layout_basic, kennysheep_orc_sif_temple, slow_altar_2,
          nicolae_ashenzari_panopticon, dk_noncrumbling_2
D:6:      gammafunk_cloud_chamber, layout_loops_ring, uniq_edmund
D:7:      layout_gridville, zin_treasury, lemuel_coloured_pillars_altar,
          temple_green, serial_undead, serial_undead_c, serial_undead_a,
          serial_undead_b, serial_undead_c, serial_undead_e
D:8:      layout_loops_ring, lemuel_crystal_altar, biasface_ghost_orc_armoury,
          corexii_leaking_fountain
D:9:      layout_basic, mainiacjoe_overflow_alcove_4
D:10:     layout_big_octagon, lemuel_zombie_altar_kikubaaqudgha,
          jmf_multi_god_temple2, serial_bayou_pond_d, uniq_harold
D:11:     kennysheep_kobold_lugonu_temple, layout_irregular_city,
          grunt_lair_entry_orc_guard_hut, david_orc_3
Temple:   nicolae_temple_figure_zero

Skill      XL: |  1  2  3  4  5  6  7  8  9 10 |
---------------+-------------------------------+-----
Long Blades    | 4 5 6 7 9 11 | 11.5
Armour         | 1 2 3 5 6 7 8 9 |  9.9
Fighting       | 3 4 5 7 8 9 |  9.0
Evocations     | 2 3 5 6 |  6.9
Dodging        | 5 6 |  6.4
Invocations    | 3 |  3.2
Throwing       | |  2.0

Action                   |  1- 3 |  4- 6 |  7- 9 | 10-12 || total
-------------------------+-------+-------+-------+-------++-------
Melee: Long sword        |    85 |    27 |       |       ||   112
       Headbutt          |     8 |    10 |    40 |    39 ||    97
       Punch             |     1 |     1 |     1 |       ||     3
       Spear             |       |    86 |    57 |       ||   143
       Great sword       |       |       |   144 |   137 ||   281
  Use: Scroll            |     2 |       |     9 |    10 ||    21
       Potion            |     2 |       |       |       ||     2
 Stab: Sleeping          |     1 |       |       |       ||     1
Armor: Leather armour    |     6 |       |       |       ||     6
       Chain mail        |    26 |    48 |    43 |       ||   117
       Ring mail         |       |       |    80 |    13 ||    93
       Plate armour      |       |       |       |    74 ||    74
Dodge: Dodged            |    40 |    33 |   150 |    87 ||   310
Block: Kite shield       |       |       |    11 |       ||    11
